 Dungeon Crawl Stone Soup version 0.28.0-45-g0d030f2227 (webtiles) character file.

Game seed: 16307539484298431064

87903 Mitsuki the Devastator (level 15, -6/72 HPs)
             Began as a Deep Elf Conjurer on Apr 5, 2022.
             Was a High Priest of Vehumet.
             Killed from afar by a storm dragon (40 damage)
             ... with a bolt of lightning
             ... on level 13 of the Dungeon on Apr 6, 2022.
             The game lasted 01:50:35 (34024 turns).

Mitsuki the Devastator (Deep Elf Conjurer)         Turns: 34024, Time: 01:50:36

Health: -6/72      AC: 13    Str:  6    XL:     15   Next: 45%
Magic:  37/37      EV: 11    Int: 38    God:    Vehumet [*****.]
Gold:   2298       SH:  5    Dex: 13    Spells: 16/46 levels left

rFire   . . .      SeeInvis .   C - +9 dagger "Egorasao" {vorpal, Int+3}
rCold   . . .      Faith    .   N - orb {light}
rNeg    . . .      Spirit   .   A - +0 troll leather armour
rPois   .          Reflect  +   H - +1 hat {Will+}
rElec   .          Harm     .   n - +2 cloak
rCorr   .          Rampage  .   e - +0 pair of gloves
Will    ++...                   (no boots)
Stlth   +.........              q - amulet of reflection
HPRegen 1.02/turn               b - +6 ring of intelligence
MPRegen 0.25/turn               I - +4 ring of protection

@: brilliant, glowing
A: no striking features
a: Renounce Religion


You were on level 13 of the Dungeon.
You worshipped Vehumet.
Vehumet was extremely pleased with you.
You visited 3 branches of the dungeon, and saw 21 of its levels.

You collected 2748 gold pieces.
You spent 450 gold pieces at shops.

Inventory:

Hand Weapons
 C - the +9 dagger "Egorasao" (weapon) {vorpal, Int+3}
   (You found it on level 9 of the Dungeon)

   It inflicts extra damage upon your enemies.
   Int:       It affects your intelligence (+3).
Missiles
 g - a throwing net
Armour
 e - a +0 pair of gloves (worn)
 n - a +2 cloak (worn)
 A - a +0 troll leather armour (worn)
 H - a +1 hat of willpower (worn)
 N - an orb of light (worn)
 R - a scarf of shadows
Magical Staves
 p - a staff of poison
Jewellery
 b - a +6 ring of intelligence (left hand)
 q - an amulet of reflection (around neck)
 r - a ring of ice
 x - a ring of wizardry
 y - a ring of protection from fire
 I - a +4 ring of protection (right hand)
Wands
 a - a wand of digging (5)
 c - a wand of iceblast (14)
 d - a wand of charming (10)
 j - a wand of mindburst (17)
 t - a wand of acid (13)
 v - a wand of paralysis (11)
 S - a wand of flame (7)
Scrolls
 f - a scroll of enchant armour
 h - 3 scrolls of blinking
 i - 5 scrolls of immolation
 m - 4 scrolls of amnesia
 s - 6 scrolls of teleportation
 u - a scroll of brand weapon {unknown}
 B - a scroll of summoning {unknown}
 D - a scroll of holy word {unknown}
 E - a scroll of fog {unknown}
 J - a scroll of silence {unknown}
 K - a scroll of identify
 L - 2 scrolls of vulnerability {unknown}
 M - 2 scrolls of magic mapping {unknown}
 P - a scroll of enchant weapon
Potions
 k - 5 potions of heal wounds
 l - a potion of magic
 o - a potion of brilliance
 w - a potion of berserk rage {unknown}
 z - 3 potions of might
 F - 3 potions of flight
 G - 8 potions of curing
 O - a potion of haste
 Q - a potion of mutation


   Skills:
 - Level 2.4 Dodging
 - Level 2.4 Stealth
 + Level 16.0 Spellcasting
 + Level 19.6 Conjurations
 * Level 19.1 Fire Magic


You had 16 spell levels left.
You knew the following spells:

 Your Spells              Type           Power      Damage    Failure   Level
a - Magic Dart            Conj           100%       1d8       0%          1
b - Iskenderun's Battles  Conj           100%       2d15      0%          5
c - Iskenderun's Mystic   Conj/Tloc      100%       2d19      1%          4
d - Ignition              Fire           66%        3d18      1%          8
e - Foxfire               Conj/Fire      100%       2x1d9     0%          1
f - Iron Shot             Conj/Erth      51%        9d10      1%          6
g - Sticky Flame          Conj/Fire      100%       2d11      0%          4
i - Apportation           Tloc           90%        N/A       1%          1

Your spell library contained the following spells:

 Spells                   Type           Power      Damage    Failure   Level
 Freezing Cloud           Conj/Ice/Air   44%        6-21      1%          5
 Searing Ray              Conj           100%       2d8       0%          2
 Conjure Flame            Conj/Fire      100%       6-21      0%          3
 Fireball                 Conj/Fire      66%        3d25      0%          5
 Animate Skeleton         Necr           90%        N/A       1%          1
 Pain                     Necr           100%       1d9       1%          1
 Summon Small Mammal      Summ           100%       N/A       1%          1
 Static Discharge         Conj/Air       100%       N/A       1%          2
 Dazzling Flash           Conj/Hex       100%       N/A       1%          3
 Ignite Poison            Fire/Tmut/Pois 87%        N/A       1%          3
 Fulminant Prism          Conj/Hex       51%        3d23      1%          4
 Lightning Bolt           Conj/Air       51%        1d72      1%          5
 Starburst                Conj/Fire      66%        6d17      1%          6
 Corpse Rot               Necr/Air       90%        N/A       2%          2
 Sublimation of Blood     Necr           45%        N/A       2%          2
 Wereblood                Tmut           45%        N/A       2%          2
 Call Canine Familiar     Summ           45%        N/A       4%          3
 Summon Guardian Golem    Hex/Summ       45%        N/A       4%          3
 Vampiric Draining        Necr           45%        2d9       4%          3
 Spellforged Servitor     Conj/Summ      51%        N/A       7%          7
 Lee's Rapid Deconstruct  Erth           22%        3d14*     13%         5
 Dispel Undead            Necr           45%        3d17      17%         4
 Leda's Liquefaction      Hex/Erth       22%        N/A       17%         4
 Summon Ice Beast         Ice/Summ       45%        N/A       17%         4
 Agony                    Necr           45%        N/A       43%         5
 Alistair's Intoxication  Tmut/Pois      30%        N/A       43%         5
 Silence                  Hex/Air        22%        N/A       43%         5
 Summon Mana Viper        Hex/Summ       45%        N/A       43%         5
 Death Channel            Necr           22%        N/A       95%         6
 Statue Form              Tmut/Erth      30%        N/A       95%         6
 Monstrous Menagerie      Summ           22%        N/A       100%        7
 Summon Hydra             Summ           22%        N/A       100%        7
 Maxwell's Capacitive Co  Air            22%        ∞         100%        8


Dungeon Overview and Level Annotations

Branches:
Dungeon (13/15)            Temple (0/1) D:6            Lair (6/6) D:11
 Shoals (0/4) Lair:3        Snake (0/4) Lair:4        Slime (0/5) Lair:5
    Orc (2/2) D:9             Elf (0/3) Orc:2
 Vaults: D:13-14

Altars:
Ashenzari
Dithmenos
Kikubaaqudgha
Makhleb
Okawaru
Ru
Sif Muna
Trog
Vehumet
Wu Jian
Xom
The Shining One
Beogh

Shops:
D:1 =   D:2 [   D:4 !   D:13 [   Orc:2 [(?*

Portals:
Trove: D:13 (give 6 scrolls of fog)

Annotations:
D:5 Sigmund
Orc:2 2 runed translucent doors, exclusion: orange crystal statue


Message History

The fireball engulfs the hell knight.
The hell knight completely resists.
The fireball engulfs the water nymph!
You kill the water nymph!
Vehumet accepts your kill.
The fireball engulfs the storm dragon!!!
The storm dragon is severely wounded.
The fireball engulfs the yaktaur captain!!
You kill the yaktaur captain!
Vehumet accepts your kill.
The fireball engulfs the efreet.
The efreet completely resists.
The fireball engulfs the storm dragon!
The storm dragon is severely wounded.
The fireball engulfs the storm dragon!
The storm dragon is moderately wounded.
The fireball engulfs the stone giant!!
The stone giant is severely wounded.
The fireball engulfs the yaktaur captain!!!
You kill the yaktaur captain!
Vehumet accepts your kill.
The fireball engulfs the storm dragon!!
The storm dragon is heavily wounded.
The fireball engulfs the stone giant!!
The stone giant is severely wounded.
The fireball engulfs the hell knight.
The hell knight completely resists.
The fireball engulfs the efreet.
The efreet completely resists.
The fireball engulfs the efreet.
The efreet completely resists.
The fireball engulfs the stone giant!!
You kill the stone giant!
Vehumet accepts your kill.
The fireball engulfs the storm dragon!!!
The storm dragon is almost dead.
The fireball engulfs the efreet.
The efreet completely resists.
The fireball engulfs the hell knight.
The hell knight completely resists.
The fireball engulfs the efreet.
The efreet completely resists.
The storm dragon bites you! The storm dragon closely misses you.
The storm dragon tramples you but does no damage.
The storm dragon breathes lightning at you.
The bolt of lightning hits you!!!
Ouch! That really hurt!
You die... .........##...''''''''''........# .........##...'++++++++'........# ..............'+ +++++

'.)#+#####
.........###).'++....++'..(.....#
..............'+').○D'+'........#
.###########..'+'..)○+ '........#
.# #...#......'+)((R.+ '........#
####.#.#.##...'+D†p+ '........#
#......#.##...'+@++++++'........#
#......#.##...''''''''''.....[..#
#......♣..................#######
#.....♣.♣.................#######
#....♣...♣..###.<....##>.........
#...♣..∩..♣.###......############
'....♣...♣...........#
#.....♣.♣...###......#
##.....♣....# #......#


You could see 2 storm dragons, a hell knight and an efreet.

Vanquished Creatures
  Saint Roka (Orc:2)
  Gastronok (D:10)
  Kirke (Lair:6)
  A stone giant (D:13)
  An ettin (D:13)
  A fire dragon (Lair:6)
  2 yaktaur captains (D:13)
  Harold (D:9)
  8 hydras
  Erolcha (D:9)
  2 catoblepae
  A boulder beetle (D:12)
  A centaur warrior (D:13)
  A two-headed ogre (D:8)
  3 orc high priests (Orc:2)
  A fire crab (Lair:4)
  2 flayed ghosts (D:13)
  2 phantasmal warriors (D:13)
  A deep elf archer (D:13)
  Pikel (D:8)
  A harpy (D:13)
  2 lindwurms (Lair:6)
  2 wolf spiders (Lair:6)
  3 orc knights
  20 slime creatures
  A merfolk siren (Lair:3)
  4 orc sorcerers
  A cyclops (D:13)
  A moth of wrath (Lair:6)
  13 elephants
  14 black mambas
  A guardian serpent (Lair:6)
  16 cane toads
  5 torpor snails (Lair:6)
  A water nymph (shapeshifter) (D:13)
  2 unseen horrors (D:12)
  Maggie (D:10)
  An efreet (D:13)
  3 kobold demonologists
  9 rime drakes
  10 komodo dragons
  2 demonic crawlers (Lair:6)
  3 merfolk (Lair:3)
  A polar bear (Lair:6)
  8 hornets (Lair:6)
  3 tyrant leeches (Lair:6)
  6 trolls
  20 blink frogs
  2 vampires
  A shadow (D:10)
  60 yaks
  A hog (shapeshifter) (D:13)
  26 wyverns
  8 basilisks
  3 hogs (Lair:6)
  A redback (Lair:6)
  3 steam dragons
  4 vampire mosquitoes (D:12)
  3 wargs
  3 swamp worms (Lair:6)
  22 water moccasins
  4 acid dragons
  40 orc warriors
  2 sky beasts
  2 ice beasts
  2 necrophages
  5 ogres
  27 wolves
  2 phantoms
  10 centaurs
  4 lemures (D:8)
  3 kobold brigands
  11 bullfrogs
  A gnoll sergeant (D:9)
  6 scorpions
  2 water moccasin skeletons (D:4)
  9 wights
  3 electric eels (D:11)
  3 howler monkeys (D:8)
  A crimson imp (D:4)
  A bullfrog zombie (D:6)
  6 centaur zombies
  3 hounds
  4 jellies
  14 orc priests
  An iguana (D:7)
  2 bullfrog skeletons
  Ijyb (D:4)
  19 orc wizards
  13 hell rats
  A killer bee zombie (D:9)
  A hound zombie (D:5)
  A howler monkey zombie (D:8)
  8 gnolls
  A howler monkey skeleton (D:4)
  4 adders
  A white imp (D:6)
  An ufetubus (D:6)
  6 dart slugs
  94 orcs
  4 ball pythons
  5 endoplasms
  7 giant cockroaches
  8 goblins
  6 hobgoblins
  7 jackals
  7 quokkas
  10 bats
  2 frilled lizards
  31 kobolds
  5 rats
735 creatures vanquished.

Vanquished Creatures (others)
  An orc (Orc:1)
  53 foxfires
  35 fungi
  149 plants
238 creatures vanquished.

Grand Total: 973 creatures vanquished

Notes
Turn   | Place    | Note
-------+----------+-------------------------------------------
     0 | D:1      | Mitsuki the Deep Elf Conjurer began the quest for the Orb.
     0 | D:1      | Reached XP level 1. HP: 10/10 MP: 6/6
   257 | D:1      | Reached XP level 2. HP: 15/15 MP: 5/8
   426 | D:1      | Learned a level 2 spell: Searing Ray
   431 | D:1      | Reached skill level 5 in Conjurations
   690 | D:1      | Found a faded altar of an unknown god.
   769 | D:1      | Reached XP level 3. HP: 19/19 MP: 8/10
  1008 | D:1      | Found Teichus's Jewellery Shop.
  1863 | D:2      | Found Etwiova's Armour Emporium.
  1888 | D:2      | Reached XP level 4. HP: 24/24 MP: 7/12
  1893 | D:2      | Learned a level 4 spell: Iskenderun's Mystic Blast
  2628 | D:3      | Noticed a scorpion
  2635 | D:3      | Killed a scorpion
  2636 | D:3      | Reached XP level 5. HP: 28/28 MP: 4/14
  2707 | D:3      | Reached skill level 5 in Spellcasting
  3076 | D:3      | Reached XP level 6. HP: 32/32 MP: 10/16
  3152 | D:3      | Found a sacrificial altar of Ru.
  3704 | D:4      | Noticed Ijyb
  3710 | D:4      | Killed Ijyb
  4199 | D:4      | Found a radiant altar of Vehumet.
  4202 | D:4      | Found a burning altar of Makhleb.
  4207 | D:4      | Became a worshipper of Vehumet
  4430 | D:4      | Found a shimmering altar of Xom.
  4500 | D:4      | Found Soump's Distillery.
  4657 | D:4      | Reached XP level 7. HP: 11/36 MP: 12/18
  5251 | D:4      | Learned a level 1 spell: Apportation
  5648 | D:4      | Bought a potion of degeneration for 14 gold pieces
  5797 | D:4      | Found an iron altar of Okawaru.
  5904 | D:5      | Entered Level 5 of the Dungeon
  6346 | D:5      | Reached XP level 8. HP: 41/41 MP: 16/21
  7186 | D:5      | Noticed Sigmund
  7658 | D:6      | Found a bloodstained altar of Trog.
  7711 | D:6      | Reached skill level 10 in Conjurations
  7838 | D:6      | Found a staircase to the Ecumenical Temple.
  8473 | D:7      | Reached * piety under Vehumet
  8473 | D:7      | Offered knowledge of Shock by Vehumet.
  8478 | D:7      | Noticed a troll
  8491 | D:7      | Killed a troll
  8582 | D:7      | Reached XP level 9. HP: 45/45 MP: 9/24
  9020 | D:7      | Found a shadowy altar of Dithmenos.
  9020 | D:7      | Found a shimmering blue altar of Sif Muna.
  9363 | D:7      | Reached skill level 10 in Spellcasting
 10318 | D:8      | Noticed Pikel
 10344 | D:8      | Paralysed by an orc for 5 turns
 10424 | D:8      | Killed Pikel
 10595 | D:8      | Noticed a two-headed ogre
 10611 | D:8      | Killed a two-headed ogre
 10611 | D:8      | Reached ** piety under Vehumet
 10611 | D:8      | Offered knowledge of Foxfire by Vehumet.
 10612 | D:8      | Reached XP level 10. HP: 21/50 MP: 12/27
 10614 | D:8      | Learned a level 1 spell: Foxfire
 10825 | D:8      | Reached skill level 1 in Fire Magic
 11131 | D:8      | Found a broken altar of Ashenzari.
 11475 | D:9      | Noticed Erolcha
 11483 | D:9      | Killed Erolcha
 12244 | D:9      | Offered knowledge of Frozen Ramparts by Vehumet.
 12394 | D:9      | Found an ancient bone altar of Kikubaaqudgha.
 12462 | D:9      | Identified the +9 dagger "Egorasao" {vorpal, Int+3}
 12598 | D:9      | Reached skill level 5 in Fire Magic
 12956 | D:9      | Reached *** piety under Vehumet
 13356 | D:9      | Reached XP level 11. HP: 54/54 MP: 14/29
 13467 | D:9      | Noticed Harold
 13527 | D:9      | Killed Harold
 13782 | D:9      | Reached skill level 15 in Conjurations
 14398 | D:9      | Found a staircase to the Orcish Mines.
 14715 | D:10     | Entered Level 10 of the Dungeon
 14734 | D:10     | Found an ornate altar of the Wu Jian Council.
 14814 | D:10     | Offered knowledge of Airstrike by Vehumet.
 14988 | D:10     | Noticed Maggie
 15275 | D:10     | Found a glowing golden altar of the Shining One.
 15436 | D:10     | Noticed Gastronok
 15513 | D:10     | Killed Gastronok
 16004 | D:10     | Killed Maggie
 16429 | D:11     | You fall into a shaft and drop 2 floors!
 17086 | D:13     | Noticed a purple ugly thing
 17641 | D:11     | Reached skill level 10 in Fire Magic
 17641 | D:11     | Reached XP level 12. HP: 59/59 MP: 13/31
 17721 | D:11     | Found a staircase to the Lair.
 17815 | D:11     | Noticed a six-headed hydra
 18205 | Orc:1    | Entered Level 1 of the Orcish Mines
 18216 | Orc:1    | Reached **** piety under Vehumet
 18222 | Orc:1    | Offered knowledge of Lightning Bolt by Vehumet.
 18703 | Orc:2    | Entered Level 2 of the Orcish Mines
 19054 | Orc:2    | Found a runed translucent door.
 19067 | Orc:2    | Found the +10 tower shield of Ignorance {rN+ Int-4}
 19209 | Orc:2    | Found a runed translucent door.
 19259 | Orc:2    | Found Zemutuc's Magic Scroll Boutique.
 19262 | Orc:2    | Reached ***** piety under Vehumet
 19262 | Orc:2    | Offered knowledge of Sticky Flame by Vehumet.
 19347 | Orc:2    | Bought a scroll of teleportation for 39 gold pieces
 19355 | Orc:2    | Bought a scroll of blinking for 97 gold pieces
 19367 | Orc:2    | Found a staircase to the Elven Halls.
 19650 | Orc:2    | Noticed Saint Roka
 19761 | Orc:1    | Learned a level 4 spell: Sticky Flame
 19950 | Orc:2    | Noticed an orc high priest
 20055 | Orc:2    | Killed an orc high priest
 20775 | Lair:1   | Entered Level 1 of the Lair of Beasts
 21345 | Lair:1   | Identified the +9 great sword "Adafeng" {drain, Contam
                  | +Blink Int+3}
 21581 | Lair:1   | Offered knowledge of Iron Shot by Vehumet.
 22279 | Lair:2   | Reached XP level 13. HP: 60/63 MP: 24/32
 23539 | Lair:2   | Learned a level 6 spell: Iron Shot
 24268 | Orc:2    | Killed Saint Roka
 24451 | Orc:2    | Found Tiaphai's Antique Armour Shop.
 24477 | Orc:2    | Found Howekige's Antique Weapon Boutique.
 24490 | Orc:2    | Bought a shiny orb for 300 gold pieces
 24663 | Orc:2    | Found Qiumor's General Store.
 25171 | Lair:3   | Reached skill level 15 in Fire Magic
 26364 | Lair:3   | Found a staircase to the Shoals.
 26639 | Lair:3   | Offered knowledge of Yara's Violent Unravelling by Vehumet.
 27174 | Lair:4   | Reached XP level 14. HP: 68/68 MP: 24/33
 27384 | Lair:4   | Found a staircase to the Snake Pit.
 29416 | Lair:5   | Identified the +2 leather armour of Hide-and-Seek {Dex+4}
 29509 | Lair:5   | Found a staircase to the Slime Pits.
 29626 | Lair:6   | Entered Level 6 of the Lair of Beasts
 29878 | Lair:6   | Offered knowledge of Ozocubu's Refrigeration by Vehumet.
 30012 | Lair:6   | Identified 2 scrolls of acquirement
 30020 | Lair:5   | Acquired the Collected Works on Harmful Ignition
 30028 | Lair:5   | Learned a level 5 spell: Iskenderun's Battlesphere
 30037 | Lair:5   | Learned a level 8 spell: Ignition
 30046 | Lair:5   | Acquired a book of Fire
 30168 | Lair:6   | Noticed Kirke
 30200 | Lair:6   | Killed Kirke
 30205 | Lair:6   | Reached skill level 15 in Spellcasting
 30944 | Lair:6   | Reached XP level 15. HP: 72/72 MP: 24/36
 31590 | Lair:6   | Found a runed translucent door.
 32639 | D:12     | Offered knowledge of Freezing Cloud by Vehumet.
 33131 | D:13     | Found a huge runed gate.
 33131 | D:13     | Found a huge runed gate.
 33131 | D:13     | Found a huge runed gate.
 33132 | D:13     | Found a huge runed gate.
 33132 | D:13     | Found a huge runed gate.
 33132 | D:13     | Found a huge runed gate.
 33132 | D:13     | Found a huge runed gate.
 33132 | D:13     | Found a huge runed gate.
 33132 | D:13     | Found a huge runed gate.
 33133 | D:13     | Found a huge runed gate.
 33134 | D:13     | Found a huge runed gate.
 33135 | D:13     | Found a huge runed gate.
 33211 | D:13     | Found a huge runed gate.
 33219 | D:13     | Found a huge runed gate.
 33219 | D:13     | Found a huge runed gate.
 33219 | D:13     | Found a huge runed gate.
 33219 | D:13     | Found a huge runed gate.
 33219 | D:13     | Found a huge runed gate.
 33222 | D:13     | Found a huge runed gate.
 33223 | D:13     | Found a huge runed gate.
 33224 | D:13     | Found a huge runed gate.
 33225 | D:13     | Found a huge runed gate.
 33514 | D:13     | Found a huge runed gate.
 33514 | D:13     | Found a huge runed gate.
 33514 | D:13     | Found a huge runed gate.
 33515 | D:13     | Found a huge runed gate.
 33515 | D:13     | Found a huge runed gate.
 33517 | D:13     | Found a huge runed gate.
 33518 | D:13     | Found a huge runed gate.
 33518 | D:13     | Found a huge runed gate.
 33518 | D:13     | Found a huge runed gate.
 33572 | D:13     | Found a huge runed gate.
 33572 | D:13     | Found a huge runed gate.
 33572 | D:13     | Found a huge runed gate.
 33572 | D:13     | Found a huge runed gate.
 33572 | D:13     | Found a huge runed gate.
 33582 | D:13     | Found Heeklaq's Armour Boutique.
 33922 | D:13     | Found a portal to a secret trove of treasure.
 34022 | D:13     | Noticed a storm dragon
 34024 | D:13     | Noticed a storm dragon
 34024 | D:13     | Killed from afar by a storm dragon

Illustrated notes

Levels and vault maps discovered:
D:1:      minmay_arrival_four_loops, layout_basic, serial_shops,
          nicolae_shop_hallway_stairs, shapermc_ecumenical_altar_mp_ritualfount,
          kennysheep_boxes
D:2:      layout_basic, serial_shops, shop
D:3:      layout_loops_ring, nicolae_ru_path_of_blood
D:4:      layout_layer_cave, grunt_temple_overflow_lords_of_destruction,
          mainiacjoe_overflow_brackets, lemuel_coloured_pillars_altar,
          serial_shops, nicolae_inconvenience_store, grunt_ministairs_15,
          uniq_ijyb
D:5:      layout_layer_cave, minivault_19, uniq_sigmund
D:6:      layout_rooms, lemuel_crystal_altar, minmay_temple_entry_ruins
D:7:      layout_gridville, gammafunk_temple_overflow_wave
D:8:      kennysheep_kobold_camp, layout_rooms, kennysheep_mini_moat,
          minmay_misc_feat_room, uniq_pikel
D:9:      minmay_thinvault, layout_layer_cave, kiku_gazebo_garden_becter,
          david_orc_4, uniq_harold, uniq_erolcha
D:10:     layout_rooms, nzn_wu_jian_council_hall, tso_metal_star,
          serial_corexii_hall, corexii_hall_statues_i, chequers_hall_statues_y,
          corexii_hall_statues_deadend, corexii_hall_statues_l, uniq_gastronok,
          uniq_maggie
D:11:     layout_basic, erik_lair_dragon, nicolae_sextant,
          minmay_misc_feat_plants
D:12:     layout_basic, minmay_misc_feat_pillars
D:13:     layout_basic, enter_trove_6, serial_shops, nicolae_diamond_shop,
          door_vault
Lair:1:   layout_small_grid
Lair:2:   layout_cave_shapes, grunt_forest_stairs_basic, lemuel_fruit_tree,
          grunt_megastairs_5
Lair:3:   layout_cave_pods, elwin_shoals_entry_stream
Lair:4:   layout_roguey [special_room_mythical_zoo],
          minmay_snake_entry_six_corridors, grunt_megastairs_2
Lair:5:   layout_gridlike, minmay_slime_entry_pillars
Lair:6:   hangedman_lair_tendril_chambers, layout_hall_layers, wormcave,
          worms_lemuel, serial_bayou_shore_b, uniq_kirke
Orc:1:    layout_diamond_mine
Orc:2:    grunt_orc_community_town_hall, layout_caves,
          grunt_orc_community_big_house_1, grunt_orc_community_big_house_2,
          grunt_orc_community_house_3, grunt_orc_community_house_1,
          grunt_orc_community_house_3, grunt_orc_community_house_3,
          chequers_guarded_unrand_ignorance

Skill      XL: |  1  2  3  4  5  6  7  8  9 10 11 12 13 14 15 |
---------------+----------------------------------------------+-----
Conjurations   | 5 6 7 8 9 11 13 14 16 17 18 19 | 19.6
Spellcasting   | 4 5 6 7 9 11 12 13 15 16 | 16.0
Fire Magic     | 5 10 13 16 18 19 | 19.1
Dodging        | |  2.4
Stealth        | |  2.4

Action                   |  1- 3 |  4- 6 |  7- 9 | 10-12 | 13-15 || total
-------------------------+-------+-------+-------+-------+-------++-------
Melee: Unarmed           |     1 |       |       |       |       ||     1
       Dagger            |       |     7 |       |    63 |    23 ||    93
       Staff             |       |       |     7 |     4 |       ||    11
       Punch             |       |       |       |     1 |       ||     1
 Cast: Magic Dart        |    79 |    70 |   197 |   228 |   229 ||   803
       Searing Ray       |       |     9 |    30 |    28 |       ||    67
       Iskenderun's Myst |       |       |    28 |   232 |   146 ||   406
       Foxfire           |       |       |       |    28 |       ||    28
       Sticky Flame      |       |       |       |     1 |       ||     1
       Iron Shot         |       |       |       |       |   119 ||   119
       Iskenderun's Batt |       |       |       |       |    28 ||    28
       Ignition          |       |       |       |       |    21 ||    21
  Use: Scroll            |       |       |       |     8 |    14 ||    22
       Potion            |       |       |       |     1 |     4 ||     5
 Stab: Sleeping          |       |       |       |     2 |       ||     2
Armor: Robe              |     4 |     3 |     8 |       |       ||    15
       Steam dragon scal |       |       |     8 |    30 |       ||    38
       Troll leather arm |       |       |       |    20 |    40 ||    60
Dodge: Dodged            |     4 |    18 |    33 |    84 |    60 ||   199
Block: Other             |       |       |     3 |    42 |     4 ||    49
       Reflection        |       |       |     2 |     7 |     1 ||    10
       Orb               |       |       |       |       |    29 ||    29
